 Dungeon Crawl Stone Soup version 0.30.0-18-gc0e69614cb (webtiles) character file.

Game seed: 8720399060614828815

63 JanusIIV the Shooter (level 3, -1/22 HPs)
             Began as a Deep Elf Hunter on May 25, 2023.
             Slain by a phantom (4 damage)
             ... on level 2 of the Dungeon.
             The game lasted 00:01:45 (920 turns).

JanusIIV the Shooter (Deep Elf Hunter)               Turns: 920, Time: 00:01:45

Health: -1/22      AC:  5    Str:  8    XL:     3   Next: 89%
Magic:  5/5        EV: 12    Int: 13    God:
Gold:   96         SH:  0    Dex: 20    Spells: 2/2 levels left

rFire   . . .        a - +0 shortbow
rCold   . . .        (shield currently unavailable)
rNeg    . . .        l - +2 leather armour {rPois}
rPois   +            (no helmet)
rElec   .            (no cloak)
rCorr   .            (no gloves)
SInv    .            (no boots)
Will    .....        (no amulet)
Stlth   ++           f - ring of poison resistance
HPRegen 0.23/turn    (no ring)
MPRegen 0.09/turn

%: no passive effects
@: no status effects
A: no striking features
a: no special abilities


You were on level 2 of the Dungeon.
You visited 1 branch of the dungeon, and saw 2 of its levels.

You collected 96 gold pieces.

Inventory:

Hand Weapons
 a - a +0 shortbow (weapon)
Armour
 c - a +0 leather armour
 l - a +2 leather armour of poison resistance (worn)
Jewellery
 f - a ring of poison resistance (left hand)
Scrolls
 b - a scroll of immolation
 e - a scroll of amnesia {unknown}
 g - a scroll of teleportation {unknown}
 j - a scroll of poison {unknown}
Potions
 d - a potion of attraction {unknown}
 h - a potion of haste {unknown}
 i - 2 potions of resistance {unknown}
 k - 2 potions of lignification {unknown}


   Skills:
 + Level 2.6 Fighting
 + Level 6.4 Ranged Weapons
 - Level 2.4 Dodging
 - Level 1.2 Stealth


You had 2 spell levels left.
You didn't know any spells.
Your spell library was empty.

Dungeon Overview and Level Annotations

Branches:
Dungeon (2/15)

Altars:

Annotations:
D:1 2 runed translucent doors


Message History

A phantom comes into view.
You shoot an arrow.
The arrow hits the phantom but does no damage.
You shoot an arrow. The arrow hits the phantom!
The phantom is moderately damaged.
You shoot an arrow. The arrow closely misses the phantom.
You shoot an arrow. The arrow barely misses the phantom.
You shoot an arrow. The arrow hits the phantom.
The phantom is heavily damaged.
The phantom hits you but does no damage.
The phantom hits you.
You shoot an arrow. The arrow hits the phantom.
The phantom is severely damaged.
The phantom hits you.
The phantom blinks!
You blink.
You shoot an arrow. The arrow barely misses the phantom.
The phantom hits you but does no damage.
You shoot an arrow. The arrow barely misses the phantom.
The phantom hits you but does no damage.
You shoot an arrow. The arrow misses the phantom.
The phantom hits you.
The phantom blinks!
You blink.
The phantom hits you.
The phantom blinks!
You blink.
You are too injured to fight recklessly!
You are too injured to fight recklessly!
You are too injured to fight recklessly!
You shoot an arrow.
The arrow completely misses the phantom.
The phantom hits you.
* * * LOW HITPOINT WARNING * * *
The phantom blinks!
You blink.
You shoot an arrow. The arrow misses the phantom.
The phantom misses you.
You shoot an arrow. The arrow barely misses the phantom.
The phantom closely misses you.
You shoot an arrow. The arrow closely misses the phantom.
The phantom barely misses you. The phantom hits you.
* * * LOW HITPOINT WARNING * * *
The phantom blinks!
You blink.
Found a brass wand.
You shoot an arrow. The arrow hits the phantom.
The phantom is severely damaged.
The phantom hits you.
You die...

#..#######... ## #...##
#... .# #.#..######## .#
#.##....## ######+#.#
#.#####..###
.........###.######...#
.........##........##.#
........W..........# ...
.......@<.......)..# ##
........###........#
......./. +........###
........###..........###
........# #...§......§..
........# #...........§.
######### #........##...
##############


You could see a phantom.

Vanquished Creatures
  2 adders (D:2)
  A dart slug (D:1)
  An orc (D:2)
  2 bats
  3 endoplasms
  4 giant cockroaches
  7 goblins
  A hobgoblin (D:1)
  2 jackals (D:1)
  3 quokkas (D:1)
  4 ball pythons (D:1)
  4 frilled lizards
  5 kobolds (D:1)
  2 rats (D:1)
41 creatures vanquished.

Notes
Turn   | Place    | Note
-------+----------+-------------------------------------------
     0 | D:1      | JanusIIV the Deep Elf Hunter began the quest for the Orb.
     0 | D:1      | Reached XP level 1. HP: 12/12 MP: 3/3
    61 | D:1      | Reached XP level 2. HP: 17/17 MP: 4/4
   111 | D:1      | Found a large runed translucent door.
   111 | D:1      | Found a large runed translucent door.
   261 | D:1      | Reached skill level 6 in Ranged Weapons
   281 | D:1      | Reached XP level 3. HP: 20/21 MP: 5/5
   288 | D:1      | Found a faded altar of an unknown god.
   906 | D:2      | Noticed a phantom
   920 | D:2      | Slain by a phantom

Illustrated notes

Levels and vault maps discovered:
D:1:      erik_arrival_cave_to_civilisation [erik_arrival_cave_to_temple],
          layout_rooms, chequers_ecumenical_altar_twisty,
          minmay_misc_feat_enclosed
D:2:      layout_basic

Skill      XL: |  1  2 |
---------------+-------+-----
Fighting       | 2 |  2.6
Ranged Weapons | 6 |  6.4
Dodging        | |  2.4
Stealth        | |  1.2

Action                     || total
---------------------------++-------
   Fire: Shortbow          ||   100
 Armour: Leather armour    ||     6
  Dodge: Dodged            ||    13
